 Dungeon Crawl Stone Soup version 0.26-a0-651-gb41185065b (webtiles) character file.

Game seed: 12192598883249751480

(classic levelgen) 371 EnegeticOcto the Chopper (level 6, -4/57 HPs)
             Began as a Deep Dwarf Fighter on Oct 9, 2020.
             Slain by a wight
             ... wielding a +0 flail
              (10 damage)
             ... on level 5 of the Dungeon.
             The game lasted 00:01:08 (1588 turns).

EnegeticOcto the Chopper (Deep Dwarf Fighter)       Turns: 1588, Time: 00:01:09

Health: -4/57      AC:  6    Str: 21    XL:     6   Next: 42%
Magic:  4/4        EV:  9    Int:  9    God:
Gold:   113        SH:  9    Dex: 12    Spells: 5/5 levels left

rFire    . . .     SeeInvis +   a - +0 war axe
rCold    + + +     Faith    .   c - +0 kite shield
rNeg     . . .     Spirit   .   m - +4 skin of Zhor {Englaciate rC+++ SInv}
rPois    .         Reflect  .   (no helmet)
rElec    .         Harm     +   e - scarf {harm}
rCorr    .         Rampage  .   (no gloves)
MR       .....                  (no boots)
Stlth    +.........             (no amulet)
HPRegen  0.00/turn              (no ring)
MPRegen  0.09/turn              (no ring)

@: non-regenerating, drained
A: damage resistance, heal wounds, sense surroundings 1, no regeneration
a: Heal Wounds


You were on level 5 of the Dungeon.
You visited 2 branches of the dungeon, and saw 6 of its levels.

You collected 113 gold pieces.

Inventory:

Hand Weapons
 a - a +0 war axe (weapon)
Missiles
 i - 3 throwing nets (quivered)
Armour
 b - a +0 scale mail
 c - a +0 kite shield (worn)
 e - a scarf of harm (worn)
 m - the +4 skin of Zhor (worn) {Englaciate rC+++ SInv}
   (You took it off a gnoll on level 4 of the Dungeon)

   It renders you almost immune to cold.
   It lets you see invisible.
Scrolls
 k - 3 scrolls of remove curse {unknown}
 l - 2 scrolls of teleportation {unknown}
 o - 2 scrolls of noise {unknown}
Potions
 d - a potion of might {@q3}
 f - a potion of berserk rage {unknown}
 g - a potion of resistance {unknown}
 h - a potion of lignification {unknown}
 j - a potion of flight {unknown}
 n - 2 potions of curing {unknown}
 p - a potion of heal wounds {unknown}


   Skills:
 + Level 3.8(2.9) Fighting
 * Level 5.1(4.2) Axes
 + Level 4.5(3.6) Armour
 + Level 4.5(3.6) Shields


You had 5 spell levels left.
You didn't know any spells.
Your spell library was empty.

Dungeon Overview and Level Annotations

Branches:
Dungeon (5/15)             Temple (1/1) D:4

Altars:
Ashenzari
Elyvilon
Fedhas
Hepliaklqana
Kikubaaqudgha
Okawaru
Ru
Sif Muna
Trog
Uskayaw
Vehumet
Wu Jian
Xom
Yredelemnul
Zin
The Shining One


Innate Abilities, Weirdness & Mutations

You are resistant to damage.
You can heal yourself by infusing magical energy.
You passively map a small area around you.
You do not regenerate.


Message History

You slash the giant cockroach!
You kill the giant cockroach!
You hit the gnoll. x2; You radiate an aura of cold.
The gnoll seems to slow down. x2; The centaur zombie is unaffected.
The gnoll seems to slow down. x2; You block the gnoll's attack.
The gnoll hits you with a cursed -1 whip.
You hit the gnoll.
The gnoll is heavily wounded.
You closely miss the gnoll. You hit the gnoll.
You radiate an aura of cold.
The gnoll seems to slow down.
The centaur zombie is unaffected.
The gnoll seems to slow down. x3; The gnoll closely misses you.
The gnoll barely misses you. The gnoll closely misses you.
You slash the gnoll!
You kill the gnoll!
You hit the gnoll. x2; You radiate an aura of cold.
The gnoll seems to slow down.
The centaur zombie is unaffected.
The gnoll seems to slow down. x2
A wight comes into view. It is wielding a +2 vorpal dire flail.
You block the gnoll's attack.
The gnoll hits you with a cursed -1 whip.
You are too injured to fight recklessly!
You are too injured to fight recklessly!
You are too injured to fight recklessly!
You are too injured to fight recklessly!
You are too injured to fight recklessly!
You are too injured to fight recklessly!
You are too injured to fight recklessly!
You are too injured to fight recklessly!
You are too injured to fight recklessly!
You are too injured to fight recklessly!
You are too injured to fight recklessly!
You are too injured to fight recklessly!
You are too injured to fight recklessly!
You are too injured to fight recklessly!
You are too injured to fight recklessly!
You are too injured to fight recklessly!
You are too injured to fight recklessly!
You are too injured to fight recklessly!
You are too injured to fight recklessly!
You are too injured to fight recklessly!
You are too injured to fight recklessly!
You are too injured to fight recklessly!
Your magical essence is drained by the effort!
You feel much better. The centaur zombie barely misses you.
A wight comes into view. It is wielding a +0 flail.
The gnoll closely misses you.
The gnoll hits you from afar with a +0 halberd.
You block the centaur zombie's attack.
The gnoll hits you with a cursed -1 whip.
You barely miss the gnoll.
The gnoll is almost dead.
You barely miss the gnoll. You hit the centaur zombie.
You block the centaur zombie's attack. The gnoll barely misses you.
The centaur zombie hits you but does no damage.
You block the gnoll's attack.
You completely miss the gnoll.
The gnoll is almost dead.
You hit the centaur zombie. You hit the gnoll.
The centaur zombie hits you but does no damage.
The gnoll barely misses you. You block the gnoll's attack.
The gnoll closely misses you.
You slash the gnoll!
You kill the gnoll!
You hit the gnoll.
You kill the gnoll!
You barely miss the centaur zombie.
You radiate an aura of cold.
The wight is unaffected.
The centaur zombie is unaffected.
The gnoll seems to slow down.
The wight is unaffected.
The centaur zombie barely misses you.
A wight comes into view. It is wielding a +1 halberd.
The centaur zombie hits you but does no damage.
You block the gnoll's attack.
You hit the centaur zombie.
The centaur zombie is moderately damaged.
You barely miss the wight. You block the centaur zombie's attack.
The wight hits you with a +2 vorpal dire flail!
You feel drained.
The gnoll hits you from afar with a +0 halberd!
You hit the wight but do no damage. x2; The wight closely misses you.
You completely miss the centaur zombie.
The centaur zombie is moderately damaged.
You hit the wight but do no damage. You hit the wight.
You block the centaur zombie's attack. The wight hits you but does no damage.
The centaur zombie hits you. You block the gnoll's attack.
You slash the centaur zombie!
The centaur zombie is severely damaged.
You hit the wight. You hit the wight but do no damage.
The centaur zombie hits you. The wight barely misses you.
You block the wight's attack. The centaur zombie misses you.
The wight closely misses you. x2; The gnoll barely misses you.
You hit the centaur zombie.
The centaur zombie is severely damaged.
You slash the wight! You hit the wight.
The wight hits you from afar with a cursed +1 halberd.
You feel drained. The centaur zombie hits you!
* * * LOW HITPOINT WARNING * * *
The wight hits you with a +2 vorpal dire flail.
* * * LOW HITPOINT WARNING * * *
You feel drained. The wight hits you with a +0 flail!
You die...

, ,, ,* * ,
* , , ### *
, * *,,..#
* # ..# , ,
... #.# , *
.....#Z##,,
,.[...z)@#
** ,
.....gzz.#
,, * ,
.....#.....
> ...(
..###... ,
* ...,...
*....#**
##*####
.... , *,
##. * , , ,
* * ,


You could see 3 wights, a gnoll (slow) and a centaur zombie.

Vanquished Creatures
  An ogre (D:4)
  A bullfrog zombie (D:3)
  Natasha (twice) (D:3)
  11 gnolls
  5 adders
  An ooze (D:4)
  3 worms
  5 leopard geckos
  A ball python (D:4)
  2 giant cockroaches
  4 hobgoblins
  2 quokkas
  3 bats (D:2)
  A frilled lizard (D:3)
  3 goblins
  3 kobolds
  3 rats (D:2)
51 creatures vanquished.

Notes
Turn   | Place    | Note
-------+----------+-------------------------------------------
     0 | D:1      | EnegeticOcto the Deep Dwarf Fighter began the quest for the
                  | Orb.
     0 | D:1      | Reached XP level 1. HP: 20/20 MP: 1/1
    94 | D:2      | Reached XP level 2. HP: 24/27 MP: 2/2
    99 | D:2      | Reached skill level 3 in Axes
    99 | D:2      | Reached XP level 3. HP: 24/33 MP: 3/3
   205 | D:3      | Found a hazy altar of Hepliaklqana.
   217 | D:3      | Reached XP level 4. HP: 19/42 MP: 4/4
   220 | D:3      | Noticed Natasha
   229 | D:3      | Killed Natasha
   357 | D:4      | Reached skill level 4 in Axes
   453 | D:4      | Reached XP level 5. HP: 43/49 MP: 4/4
   642 | D:4      | Noticed an ogre
   644 | D:4      | Found a staircase to the Ecumenical Temple.
   651 | D:4      | Killed an ogre
   651 | D:4      | Reached XP level 6. HP: 46/56 MP: 5/5
   666 | Temple   | Entered the Ecumenical Temple
  1227 | D:3      | Noticed Natasha
  1240 | D:3      | Killed Natasha
  1374 | D:3      | Found a shimmering altar of Xom.
  1381 | D:3      | Reached skill level 5 in Axes
  1572 | D:5      | Entered Level 5 of the Dungeon
  1588 | D:5      | Slain by a wight

Illustrated notes

Levels and vault maps discovered:
D:1:      elethiomel_arrival_shortcut, layout_basic,
          chequers_serial_rivers_marsh
D:2:      layout_rooms, nemelex_altar_shiori, grunt_ministairs_1
D:3:      layout_loops_cross, lemuel_doored_altar,
          nicolae_overflow_hidden_temple, uniq_natasha
D:4:      layout_loops_ring, minmay_temple_entry_stoned_glass
D:5:      layout_rooms, grunt_dithmenos_smoke, makhleb_blood_cavern_becter,
          nrook_uturn, minmay_fractal_squares_diagonal_5
Temple:   jpeg_temple_clearing

Skill      XL: |  1  2  3  4  5  6 |
---------------+-------------------+-----
Axes           | 3 4 5 |  5.1
Fighting       | 3 |  3.8
Shields        | 4 |  4.5
Armour         | 4 |  4.5

Action                   |  1- 3 |  4- 6 || total
-------------------------+-------+-------++-------
Melee: War axe           |    56 |   119 ||   175
 Abil: Heal Wounds       |       |     4 ||     4
 Stab: Sleeping          |       |     2 ||     2
Armor: Scale mail        |    45 |    16 ||    61
       Animal skin       |       |    17 ||    17
Dodge: Dodged            |    31 |    49 ||    80
Block: Kite shield       |    37 |    63 ||   100

Table legend: (Time is in decaauts)
 A = Elapsed time spent in this place.
 B = Non-inter-level travel time spent in this place.
 C = Inter-level travel time spent in this place.
 D = Time resting spent in this place.
 E = Time spent auto-exploring this place.
 F = Levels seen in this place.
 G = Mean time per level.
                   A        B        C        D        E       F      G
               +--------+--------+--------+--------+--------+-----+--------+
         Total |   1666 |   1461 |    205 |      0 |   1045 |   6 |  277.7 |
       Dungeon |   1574 |   1387 |    187 |      0 |    973 |   5 |  314.8 |
        Temple |     91 |     73 |     18 |      0 |     72 |   1 |   91.0 |
               +--------+--------+--------+--------+--------+-----+--------+

Top non-repeatable levels by time:
     D:3: 731 daAuts
     D:4: 673 daAuts
     D:2: 101 daAuts
  Temple: 91 daAuts
     D:1: 47 daAuts
     D:5: 20 daAuts
